 Dungeon Crawl Stone Soup version 0.29-a0-565-g7a16c6de65 (webtiles) character file.

Game seed: 7629486503342718261

13071 Lekart the Basher (level 11, -7/150 HPs)
             Began as a White Draconian Chaos Knight on June 12, 2022.
             Was a Plaything of Xom.
             Mangled by a troll (9 damage)
             ... on level 12 of the Dungeon.
             The game lasted 00:19:39 (9614 turns).

Lekart the Basher (White Draconian Chaos Knight)    Turns: 9614, Time: 00:19:39

Health: -7/150     AC: 12    Str: 16    XL:     11   Next: 70%
Magic:  20/20      EV: 17    Int: 14    God:    Xom [.....*]
Gold:   238        SH:  4    Dex: 18    Spells: 20/22 levels left

rFire   + + +      SeeInvis .   s - +7 mace "Ynuudi" {drain, rF++ rC+ Will+}
rCold   + + .      Faith    .   (no shield)
rNeg    . . .      Spirit   .   (body armour unavailable)
rPois   +          Reflect  .   (helmet restricted)
rElec   .          Harm     .   q - +1 cloak {rCorr}
rCorr   +          Rampage  .   (no gloves)
Will    +....                   I - +2 pair of boots {Fly}
Stlth   ..........              g - amulet of Vitality {Regen+ HP+15}
HPRegen 1.15/turn               c - +6 ring of dexterity
MPRegen 0.17/turn               F - ring of poison resistance

@: mighty, berserking (expiring), flying, slowed, unable to read
A: breathe frost, AC +7, unfitting armour, cold resistance 1, cold-blooded,
large bone plates 1, camouflage 1, fire resistance 1, frail 1, mutation
resistance 1, inability to read while threatened, MP-powered wands
a: Breathe Frost, Renounce Religion


You were on level 12 of the Dungeon.
You worshipped Xom.
You were Xom's teddy bear.
You visited 2 branches of the dungeon, and saw 13 of its levels.
You also visited: Ossuary.

You collected 595 gold pieces.
You spent 357 gold pieces at shops.

Inventory:

Hand Weapons
 a - a +4 falchion of chaos
 s - the +7 mace "Ynuudi" (weapon) {drain, rF++ rC+ Will+}
   (You bought it in a shop on level 6 of the Dungeon)

   A truly terrible weapon, it drains the life of any living foe it strikes.
   rF:        It greatly protects you from fire.
   rC:        It protects you from cold.
   Will:      It increases your willpower.
 H - the +11 morningstar of Dithmenos, Crafting {freeze, rCorr}
   (You found it on level 10 of the Dungeon)

   It freezes those it strikes, dealing additional cold damage.
   It can also slow down cold-blooded creatures.
   rCorr:     It protects you from acid and corrosion.
Armour
 q - a +1 cloak of preservation (worn)
 I - a +2 pair of boots of flying (worn)
Jewellery
 c - a +6 ring of dexterity (left hand)
 g - the amulet of Vitality (around neck) {Regen+ HP+15}
   (You acquired it on level 2 of the Dungeon)

   [amulet of regeneration]

   HP:        It affects your health (+15).
   Regen:     It increases your rate of health regeneration.
 x - an amulet of faith
 D - a ring of ice
 F - a ring of poison resistance (right hand)
Wands
 i - a wand of mindburst (17)
 o - a wand of iceblast (3)
 t - a wand of paralysis (14)
Scrolls
 h - 4 scrolls of fear
 j - 3 scrolls of amnesia
 l - a scroll of silence
 m - 2 scrolls of teleportation
 y - a scroll of blinking
 z - 4 scrolls of identify
 B - a scroll of vulnerability
Potions
 d - 2 potions of heal wounds
 e - 4 potions of might
 f - 2 potions of magic
 k - 2 potions of berserk rage
 n - 2 potions of flight
 p - 2 potions of ambrosia
 u - a potion of haste
 v - a potion of brilliance
 w - 2 potions of cancellation
 C - a potion of attraction
 G - a potion of curing
Miscellaneous
 b - a piece from Xom's chessboard (15/15) (quivered)
 E - a phial of floods (inert)


   Skills:
 + Level 8.4 Fighting
 + Level 7.4 Long Blades
 + Level 8.6 Maces & Flails
 + Level 8.0 Dodging
 + Level 4.0 Shields
 * Level 6.4 Spellcasting
 * Level 7.0 Transmutations
 + Level 1.5 Evocations


You had 20 spell levels left.
You knew the following spells:

 Your Spells              Type           Power      Damage    Failure   Level
a - Wereblood             Tmut           24%        N/A       1%          2

Your spell library contained the following spells:

 Spells                   Type           Power      Damage    Failure   Level
 Beastly Appendage        Tmut           48%        N/A       1%          1
 Passwall                 Tmut/Erth      11%        N/A       5%          2
 Spider Form              Tmut/Pois      14%        N/A       11%         3
 Apportation              Tloc           8%         N/A       16%         1
 Foxfire                  Conj/Fire      16%        2x1d4     16%         1
 Freeze                   Ice            16%        1d4       16%         1
 Sandblast                Erth           8%         2d5       16%         1
 Slow                     Hex            16%        N/A       16%         1
 Ignite Poison            Fire/Tmut/Pois 11%        N/A       17%         3
 Sublimation of Blood     Necr           4%         N/A       22%         2
 Ice Form                 Ice/Tmut       14%        N/A       34%         4
 Petrify                  Tmut/Erth      14%        N/A       34%         4
 Confusing Touch          Hex            4%         N/A       41%         3
 Dazzling Flash           Conj/Hex       8%         N/A       41%         3
 Frozen Ramparts          Ice            8%         1d2       41%         3
 Gell's Gravitas          Tloc           4%         N/A       41%         3
 Lesser Beckoning         Tloc           4%         N/A       41%         3
 Mephitic Cloud           Conj/Pois/Air  4%         N/A       41%         3
 Stone Arrow              Conj/Erth      8%         3d7       41%         3
 Teleport Other           Tloc           4%         N/A       41%         3
 Vampiric Draining        Necr           4%         2d6       41%         3
 Alistair's Intoxication  Tmut/Pois      9%         N/A       69%         5
 Irradiate                Conj/Tmut      7%         3d15      69%         5
 Hailstorm                Conj/Ice       4%         3d4       83%         4
 Agony                    Necr           4%         N/A       99%         5
 Freezing Cloud           Conj/Ice/Air   2%         6-21      99%         5
 Silence                  Hex/Air        2%         N/A       99%         5
 Iron Shot                Conj/Erth      2%         9d2       100%        6
 Simulacrum               Ice/Necr       2%         N/A       100%        6
 Borgnjor's Revivificati  Necr           2%         N/A       100%        8


Dungeon Overview and Level Annotations

Branches:
Dungeon (12/15)            Temple (1/1) D:6            Lair (0/6) D:10
    Orc (0/2) D:9         Ossuary (visited)

Altars:
Ashenzari
Cheibriados
Dithmenos
Elyvilon
Fedhas
Gozag
Hepliaklqana
Kikubaaqudgha
Makhleb
Nemelex Xobeh
Okawaru
Qazlal
Ru
Sif Muna
Trog
Uskayaw
Vehumet
Wu Jian
Xom
Yredelemnul
Zin
The Shining One

Shops:
D:5 *   D:6 (   D:7 (

Portals:
Ice
Cave: D:12

Annotations:
D:10 2 transporters, emergency's ghost, journeyman GrGl


Innate Abilities, Weirdness & Mutations

You can breathe waves of freezing cold which knock back foes.
Your icy white scales are hard. (AC +7)
You cannot fit into any form of body armour.
Your flesh is cold resistant. (rC+)
You are cold-blooded and may be slowed by cold attacks.
You are partially covered in large bone plates. (SH +4)
Your skin changes colour to match your surroundings (Stealth+).
Your flesh is heat resistant. (rF+)
You are frail. (-10% HP)
You are somewhat resistant to further mutation.
You sometimes lose the ability to read scrolls when taking damage.
You expend magic power (3 MP) to strengthen your wands.


Message History

* * * LOW HITPOINT WARNING * * *
The centaur misses you. You block the howler monkey's attack.
The centaur barely misses you.
The centaur kicks you but does no damage.
The troll bites you but does no damage. The troll completely misses you.
You block the troll's attack.
The kobold demonologist looks satisfied for a moment.
Josephine grinds her teeth.
Josephine misses you.
You are too berserk!
You sock Josephine! You tail-slap Josephine!
Josephine is almost dead.
The centaur misses you. You block the centaur's attack.
The howler monkey misses you.
The white imp laughs crazily.
The white imp disappears for a moment.
The iron imp is engulfed in seething chaos.
The iron imp flickers and vanishes!
Something barely misses you. Josephine hits you with a +0 dagger.
* * * LOW HITPOINT WARNING * * *
The kobold demonologist mumbles some strange words.
The kobold demonologist barely misses you.
The troll bites you!
* * * LOW HITPOINT WARNING * * *
The troll claws you.
* * * LOW HITPOINT WARNING * * *
The troll completely misses you.
Unknown command.
You sock Josephine!
You kill Josephine!
The centaur hits you but does no damage.
The centaur closely misses you.
The howler monkey hoots and howls with incredible vigour!
You block the centaur's attack. The centaur completely misses you.
The kobold demonologist barely misses you.
Something hits you but does no damage.
The kobold demonologist casts a cantrip, but nothing happens.
The troll bites you!
You die...
Xom bursts into laughter!

.,................#...**,,,,,,,,,
**,,.........4.#.##..#*,,,,,,,,,,
**,,...........#......,,,,,,,,,,,
,,,,.................#,,,,,,,,,,,
,,*,..........##...#.#*,,,,,,,,,,
,,*,..........#.3.!#.###*,,,,**,,
,,,,*#./..#...§W5.......,,,,**,,,
,*,,,........5K#K{5....#**,,,,,,,
,**,,........KWW@cK.....**,,,,,,,
**,,,...>.>..#.Th#o.....,,,,,,,,,
,,,,,..........WW{.<....**,,,,,,,
**,,,..........#.......?*,,,,,,,,
*,**@..................,,,,,,,,,
**,**,......#...<.......,,,,,,,,,
,,,,,,,...###...........,,,,,,,,,
,,,,,,,,..**...$......#.***,,,,,,
,,*,,**,,,*..........##***,,,,,*,


You could see 2 kobold demonologists, a troll (drained), a neqoxec (summoned), 5
wraiths, a kobold brigand, a centaur, a howler monkey (catching breath), a
crimson imp (summoned), 2 white imps, an orc and a kobold.

Vanquished Creatures
  Josephine (D:12)
  Erolcha (D:10)
  3 two-headed ogres
  Nergalle (D:10)
  A wizard (D:9)
  Pikel (D:6)
  An unseen horror (D:8)
  Psyche (D:10)
  3 kobold demonologists
  4 trolls
  A hornet (D:8)
  Sigmund (D:3)
  A shadow (D:11)
  A wyvern (D:10)
  3 wraiths
  6 yaks
  A vampire mosquito (D:12)
  2 steam dragons
  4 water moccasins (D:10)
  3 sky beasts
  6 orc warriors
  An ice beast (D:5)
  3 black bears
  2 centaurs (D:9)
  3 kobold brigands
  10 bullfrogs
  A necrophage (D:6)
  5 scorpions
  10 wights
  3 killer bees (D:9)
  2 electric eels (D:9)
  4 howler monkeys
  A crimson imp (D:9)
  7 hounds
  5 orc priests
  3 iguanas (D:7)
  9 orc wizards
  A statue (D:7)
  A hound skeleton (D:2)
  7 adders
  2 white imps
  3 ufetubi
  2 adder zombies
  A worm (D:4)
  5 dart slugs
  60 orcs
  6 ball pythons
  A bat (D:2)
  A bat zombie (D:2)
  2 endoplasms
  3 giant cockroaches
  6 goblins
  9 hobgoblins
  18 kobolds
  3 quokkas
  A ball python skeleton (Ossuary)
  A ball python zombie (D:2)
  3 frilled lizards
  2 hobgoblin zombies (Ossuary)
  A kobold zombie (Ossuary)
  An orc skeleton (Ossuary)
  2 orc zombies (Ossuary)
  6 rats (D:2)
  A spectral hobgoblin (D:10)
264 creatures vanquished.

Vanquished Creatures (collateral kills)
  2 kobolds (D:10)
  A ball python (D:2)
3 creatures vanquished.

Vanquished Creatures (others)
  29 fungi (D:10)
  29 plants (D:10)
  2 withered plants (D:2)
60 creatures vanquished.

Grand Total: 327 creatures vanquished

Notes
Turn   | Place    | Note
-------+----------+-------------------------------------------
     0 | D:1      | Lekart the Draconian Chaos Knight began the quest for the
                  | Orb.
     0 | D:1      | Reached XP level 1. HP: 19/19 MP: 1/1
    60 | D:1      | XOM: silly message
   135 | D:1      | Reached XP level 2. HP: 22/26 MP: 2/2
   264 | D:1      | Found a faded altar of an unknown god.
   423 | D:1      | XOM: silly message
   755 | D:1      | XOM: cloud trail
   951 | D:2      | Reached XP level 3. HP: 29/33 MP: 3/3
  1135 | D:2      | XOM: chaos upgrade
  1136 | D:2      | XOM: scenery: create altars
  1579 | D:2      | Reached XP level 4. HP: 37/40 MP: 4/4
  1929 | D:2      | Identified a scroll of acquirement
  1929 | D:2      | Acquired the amulet of Vitality {Regen+ HP+15}
  1929 | D:2      | Found the amulet of Vitality {Regen+ HP+15}
  2107 | D:3      | You fall into a shaft and drop 3 floors!
  2273 | D:6      | Noticed a scorpion
  2277 | D:6      | XOM: fake destruction
  2281 | D:6      | Killed a scorpion
  2282 | D:6      | Reached XP level 5. HP: 47/47 MP: 5/5
  2287 | D:5      | Entered Level 5 of the Dungeon
  2318 | D:5      | Found an iron altar of Okawaru.
  2319 | D:5      | Found a snail-covered altar of Cheibriados.
  2331 | D:5      | XOM: give mutation
  2331 | D:5      | Gained mutation: You are partially covered in large bone
                  | plates. (SH +4) [Xom's grace]
  2374 | D:5      | XOM: 1-stop teleportation journey
  2394 | D:5      | Reached skill level 5 in Long Blades
  2408 | D:5      | Reached XP level 6. HP: 53/53 MP: 6/6
  2419 | D:5      | XOM: confuse monster(s)
  2479 | D:5      | Noticed an ice beast
  2488 | D:5      | XOM: cast spell 'Death Channel'
  2502 | D:5      | Killed an ice beast
  2503 | D:5      | Reached skill level 5 in Fighting
  2609 | D:5      | Found Elauqadi's General Store.
  2621 | D:5      | Bought a scroll of enchant weapon for 75 gold pieces
  2692 | D:5      | Your scales start taking on an icy white colour.
  2692 | D:5      | Reached XP level 7. HP: 61/61 MP: 7/7
  2692 | D:5      | Gained mutation: Your flesh is cold resistant. (rC+) [White
                  | Draconian growth]
  2896 | D:5      | XOM: 1-stop teleportation journey
  3202 | D:5      | XOM: give mutations
  3202 | D:5      | Gained mutation: You have supernaturally acute eyesight.
                  | (SInv) [Xom's grace]
  3202 | D:5      | Gained mutation: Your flesh is heat resistant. (rF+) [Xom's
                  | grace]
  3202 | D:5      | Gained mutation: Your mind is acute. (Int +2) [Xom's grace]
  3202 | D:5      | Gained mutation: You are resistant to electric shocks.
                  | (rElec) [Xom's grace]
  3252 | D:4      | XOM: cloud trail
  3643 | D:4      | XOM: give mutations
  3643 | D:4      | Gained mutation: You have a pair of small horns on your
                  | head. [Xom's grace]
  3643 | D:4      | Gained mutation: Your tail ends in a venomous barb. [Xom's
                  | grace]
  3649 | D:4      | Reached skill level 1 in Shields
  3729 | D:3      | Learned a level 2 spell: Wereblood
  3843 | D:3      | Noticed Sigmund
  3850 | D:3      | Killed Sigmund
  3948 | D:3      | Found a sparkling altar of Nemelex Xobeh.
  3954 | D:3      | XOM: torment (39/76 hp)
  4169 | D:6      | Reached skill level 1 in Spellcasting
  4169 | D:6      | Reached skill level 1 in Transmutations
  4277 | D:6      | Reached XP level 8. HP: 51/70 MP: 8/10
  4279 | D:6      | Reached skill level 5 in Dodging
  4463 | D:6      | XOM: cast spell 'Olgreb's Toxic Radiance'
  4544 | D:6      | Found a staircase to the Ecumenical Temple.
  4568 | D:6      | XOM: enchant monster (good)
  4571 | Temple   | Entered the Ecumenical Temple
  4741 | D:6      | Found Obbu's Antique Weapon Boutique.
  4749 | D:6      | Bought an iridescent mace for 192 gold pieces
  4749 | D:6      | Identified the +7 mace "Ynuudi" {drain, rF++ rC+ Will+}
                  | (You bought it in a shop on level 6 of the Dungeon)
  4890 | D:6      | Noticed Pikel
  4902 | D:6      | Killed Pikel
  5034 | D:6      | Reached skill level 1 in Maces & Flails
  5167 | D:7      | Found a shadowy altar of Dithmenos.
  5167 | D:7      | Found a hide-covered altar of Uskayaw.
  5201 | D:7      | Found an ornate altar of the Wu Jian Council.
  5237 | D:7      | Reached XP level 9. HP: 75/75 MP: 12/12
  5294 | D:7      | XOM: god gift: Xom's Grimoire of Whack-A-Mole {god gift}
  5295 | D:7      | Got Xom's Grimoire of Whack-A-Mole {god gift}
  5305 | D:7      | Found Gogamnu's Weapon Boutique.
  5305 | D:7      | Found a white marble altar of Elyvilon.
  5308 | D:7      | XOM: summons 9 friendly demons
  5350 | D:7      | Found a radiant altar of Vehumet.
  5422 | D:7      | Found a blossoming altar of Fedhas.
  5455 | D:7      | XOM: noise
  5477 | D:7      | XOM: cloud trail
  5749 | D:7      | XOM: god gift: 2 white potions {god gift}
  5838 | D:8      | Noticed an unseen horror
  5854 | D:8      | Killed an unseen horror
  5895 | D:8      | XOM: god gift: scroll labelled FOTUAT NEBREID {god gift}
  6036 | D:8      | XOM: smoke on damage
  6171 | D:8      | Found a sand-covered staircase.
  6185 | Ossuary  | Entered an ossuary
  6372 | Ossuary  | XOM: silly message
  6381 | Ossuary  | Reached XP level 10. HP: 84/84 MP: 16/16
  6401 | Ossuary  | Reached skill level 5 in Maces & Flails
  6417 | Ossuary  | Lost mutation: You have a pair of small horns on your head.
                  | [potion of mutation]
  6417 | Ossuary  | Lost mutation: You are resistant to electric shocks.
                  | (rElec) [potion of mutation]
  6417 | Ossuary  | Lost mutation: Your mind is acute. (Int +2) [potion of
                  | mutation]
  6417 | Ossuary  | Lost mutation: Your tail ends in a venomous barb. [potion
                  | of mutation]
  6417 | Ossuary  | Gained mutation: You sometimes lose the ability to read
                  | scrolls when taking damage. [potion of mutation]
  6417 | Ossuary  | Gained mutation: You expend magic power (3 MP) to
                  | strengthen your wands. [potion of mutation]
  6506 | D:8      | XOM: silly message
  6673 | D:8      | XOM: silly message
  6679 | D:8      | XOM: silly message
  6926 | D:9      | XOM: silly message
  6977 | D:9      | XOM: silly message
  6999 | D:9      | XOM: silly message
  7022 | D:9      | Reached skill level 5 in Transmutations
  7028 | D:9      | XOM: enchant monster (bad)
  7049 | D:9      | XOM: enchant monster (good)
  7135 | D:9      | Found a staircase to the Orcish Mines.
  7334 | D:9      | XOM: silly message
  7373 | D:9      | Noticed a wizard
  7376 | D:9      | Killed a wizard
  7377 | D:9      | Reached skill level 5 in Spellcasting
  7576 | D:9      | Reached skill level 1 in Evocations
  7781 | D:10     | Entered Level 10 of the Dungeon
  7811 | D:10     | Noticed Erolcha
  7834 | D:10     | XOM: summons 6 friendly demons
  7856 | D:10     | Killed Erolcha
  7857 | D:10     | Reached XP level 11. HP: 92/92 MP: 13/19
  7945 | D:10     | Found a staircase to the Lair.
  8011 | D:10     | Found a transporter.
  8012 | D:10     | Noticed emergency's ghost (journeyman GrGl)
  8015 | D:10     | Found a transporter.
  8015 | D:10     | Noticed a two-headed ogre
  8016 | D:10     | Identified the +6 dire flail of Gorgh {antimagic, Str+6}
  8016 | D:10     | Noticed a two-headed ogre
  8018 | D:10     | Noticed a two-headed ogre
  8057 | D:10     | XOM: give mutations
  8057 | D:10     | Gained mutation: Your skin changes colour to match your
                  | surroundings (Stealth+). [Xom's mischief]
  8057 | D:10     | Lost mutation: You have supernaturally acute eyesight.
                  | (SInv) [Xom's mischief]
  8057 | D:10     | Gained mutation: You are frail. (-10% HP) [Xom's mischief]
  8064 | D:10     | Noticed a two-headed ogre
  8071 | D:10     | Killed a two-headed ogre
  8128 | D:10     | Noticed Nergalle
  8129 | D:10     | XOM: cleaving
  8130 | D:10     | Noticed Psyche
  8131 | D:10     | Noticed a two-headed ogre
  8135 | D:10     | XOM: summons 2 friendly demons
  8141 | D:10     | Killed Psyche
  8147 | D:10     | XOM: summons 1 friendly demon
  8153 | D:10     | Killed Nergalle
  8154 | D:10     | XOM: confuse monster(s)
  8156 | D:10     | Killed a two-headed ogre
  8272 | D:10     | XOM: scenery: summon butterflies
  8324 | D:10     | Found Zin's Purification Station.
  8329 | D:10     | Found a glowing silver altar of Zin.
  8332 | D:10     | Bought a potion of curing for 90 gold pieces
  8551 | D:10     | XOM: scenery: create altars
  8623 | D:10     | Found a hazy altar of Hepliaklqana.
  8703 | D:10     | Identified the +11 morningstar of Dithmenos, Crafting
                  | {freeze, rCorr}
  8931 | D:11     | XOM: give mutation
  8931 | D:11     | Gained mutation: You are somewhat resistant to further
                  | mutation. [Xom's grace]
  8975 | D:11     | XOM: 2-stop teleportation journey
  8984 | D:11     | Noticed a two-headed ogre
  8997 | D:11     | Killed a two-headed ogre
  9283 | D:11     | XOM: god gift: +2 pair of boots of flying
  9563 | D:12     | XOM: stealth player
  9577 | D:12     | Found a frozen archway.
  9580 | D:12     | Noticed Josephine
  9583 | D:12     | XOM: polymorph yak -> golden eye
  9613 | D:12     | HP: 3/150 [troll (10)]
  9613 | D:12     | HP: 1/150 [troll (2)]
  9614 | D:12     | Killed Josephine
  9614 | D:12     | Mangled by a troll

Illustrated notes

Levels and vault maps discovered:
D:1:      lightli_arrival_isolated_outpost, layout_basic,
          basic_ecumenical_altar, ebering_dispersal_statue_hall,
          lemuel_old_faithful
D:2:      layout_loops_ring, serial_undead, serial_undead_a, serial_undead_b,
          serial_undead_f, serial_undead_e
D:3:      layout_basic, mainiacjoe_overflow_catwalk, kennysheep_pointless_box,
          uniq_sigmund
D:4:      layout_cave_pools
D:5:      layout_basic, gammafunk_temple_overflow_pools, serial_shops,
          nicolae_shop_advertising_works [nicolae_subvault_shop_adworks]
D:6:      layout_basic, temple_doors_cd, serial_shops,
          nicolae_shop_overgrown_old_shop, uniq_pikel
D:7:      layout_gridville, vehumet_statue, pdpol_wu_jian_five_deadly_venoms,
          mainiacjoe_overflow_tiny_flanked, fedhas_ov_isle_minmay,
          chequers_temple_overflow_statue_of_worship, serial_shops,
          nicolae_shop_bloodbath_and_beyond
D:8:      layout_loops_cross, enter_ossuary_1
D:9:      layout_loops_ring, erik_orc_2, lightli_wizard_tower
D:10:     layout_loops_cross, nicolae_hepliaklqana_monster_ancestors,
          zin_purify, due_lair_maze_entry_diamond, gammafunk_ghost_smash,
          minmay_misc_feat_columns, uniq_psyche, uniq_nergalle, uniq_erolcha
D:11:     layout_long_grid
D:12:     layout_cave_pools, portal_ice_cave_entry_pillars_1, enter_trove_5,
          chequers_serial_rivers_small_3, uniq_josephine
Temple:   jpeg_temple_clearing

Skill      XL: |  1  2  3  4  5  6  7  8  9 10 11 |
---------------+----------------------------------+-----
Fighting       | 4 5 6 7 8 |  8.4
Long Blades    | 4 5 6 7 |  7.4
Dodging        | 3 4 5 6 7 8 |  8.0
Shields        | 1 2 3 4 |  4.0
Spellcasting   | 1 2 4 5 6 |  6.4
Transmutations | 1 3 4 6 7 |  7.0
Maces & Flails | 1 4 6 8 |  8.6
Evocations     | 1 |  1.5

Action                   |  1- 3 |  4- 6 |  7- 9 | 10-12 || total
-------------------------+-------+-------+-------+-------++-------
Melee: Falchion          |    89 |   135 |   126 |       ||   350
       Tailslap          |    12 |    20 |    44 |    54 ||   130
       Punch             |       |     1 |     1 |     4 ||     6
       Headbutt          |       |       |    57 |       ||    57
       Mace              |       |       |   210 |   333 ||   543
 Cast: Wereblood         |       |       |     4 |    17 ||    21
 Abil: Breathe Frost     |       |       |       |     1 ||     1
Evoke: Wand              |       |       |     3 |     8 ||    11
       Phial of floods   |       |       |       |     1 ||     1
  Use: Potion            |     4 |       |     1 |     6 ||    11
       Scroll            |     1 |     4 |    11 |     9 ||    25
 Stab: Sleeping          |     3 |       |     4 |     2 ||     9
       Confused          |       |     2 |       |       ||     2
       Petrifying        |       |       |     1 |       ||     1
       Petrified         |       |       |       |     2 ||     2
       Paralysed         |       |       |       |    11 ||    11
Armor: Skin              |    36 |    47 |   104 |   111 ||   298
Dodge: Dodged            |    59 |    91 |   285 |   393 ||   828
Block: Other             |       |    12 |    74 |    89 ||   175

Table legend: (Time is in decaauts)
 A = Elapsed time spent in this place.
 B = Non-inter-level travel time spent in this place.
 C = Inter-level travel time spent in this place.
 D = Time resting spent in this place.
 E = Time spent auto-exploring this place.
 F = Levels seen in this place.
 G = Mean time per level.
                   A        B        C        D        E       F      G
               +--------+--------+--------+--------+--------+-----+--------+
         Total |   9718 |   9336 |    382 |     35 |   7261 |  14 |  694.1 |
       Dungeon |   9331 |   8962 |    369 |     35 |   7033 |  12 |  777.6 |
        Temple |     93 |     80 |     13 |      0 |     67 |   1 |   93.0 |
       Ossuary |    293 |    293 |      0 |      0 |    161 |   1 |  293.0 |
               +--------+--------+--------+--------+--------+-----+--------+

Top non-repeatable levels by time:
     D:6: 1116 daAuts
     D:2: 1059 daAuts
    D:10: 1004 daAuts
     D:5: 958 daAuts
     D:1: 954 daAuts
     D:9: 927 daAuts
     D:8: 805 daAuts
    D:11: 790 daAuts
     D:7: 703 daAuts
     D:4: 508 daAuts
     D:3: 453 daAuts
 Ossuary: 293 daAuts
  Temple: 93 daAuts
    D:12: 48 daAuts
